Cogmind - Beta 13 @@@ ROGUE MODE // 2024.04.08 @ 06:56:52 Player: DURANDAL Result: Destroyed by P-60 Hacker with Shock Rifle Performance ------------- Evolutions (3) 1500 Regions Visited (8) 1600 Robots Destroyed (98) 490 Value Destroyed (3114) 3114 Prototype IDs (5) 100 Alien Tech Used (0) 0 Bonus (300) 300 TOTAL SCORE: 7104 Bonus ------- Aligned with FarCom 300 Cogmind --------- Core Integrity 0/700 Matter 286/300 Energy 100/100 System Corruption 17% Temperature Cool (0) Movement Core (1350) Ox26 Location -7/Factory Parts ------- > --- POWER (1) -------- (None) > --- PROPULSION (4) --- (None) > --- UTILITY (4) ------ Huge Storage Unit > --- WEAPON (4) ------- (None) > --- INVENTORY (25) --- Medium Storage Unit High-capacity Matter Pod (200) Structural Scanner Advanced Visual Processing Unit Experimental Sensor Array Transport Network Coupler Light Armor Plating Firepult Peak State ------------ > --- POWER ------------ Deuterium Engine > --- PROPULSION ------- Light Treads Armored Treads Armored Treads Armored Treads > --- UTILITY ---------- Huge Storage Unit Targeting Computer Light Armor Plating Hacking Suite > --- WEAPON ----------- Autogun Improved Assault Rifle Improved Assault Rifle Gauss Rifle > --- INVENTORY -------- Light Nuclear Core Light Treads Light Treads Light Treads Light Treads Light Treads Medium Storage Unit High-capacity Matter Pod Structural Scanner Trap Scanner Advanced Visual Processing Unit Experimental Sensor Array Transport Network Coupler Light Armor Plating Firepult Heavy Assault Rifle Improved Assault Rifle High-powered Shotgun High-powered Shotgun Gauss Rifle Assault Cannon Improved Grenade Launcher Improved Grenade Launcher Mining Laser [Rating: 38] Favorites ----------- Power Ion Engine Engine Ion Engine Power Core Light Nuclear Core Propulsion Armored Treads Treads Armored Treads Leg Aluminum Leg Flight Unit Improved Flight Unit Utility Huge Storage Unit Device Structural Scanner Storage Huge Storage Unit Processor Targeting Computer Hackware Hacking Suite Protection Utility Shielding Weapon Improved Assault Rifle Energy Gun Small Laser Ballistic Gun Improved Assault Rifle Ballistic Cannon Assault Cannon Launcher Improved Grenade Launcher Special Weapon Mining Laser Build | -11 -10 -10 -9 -9 -9 -8 -8 -7 ------- Run | Yrd Mat Min Mat Min Exi Min Mat Fac Slots Evolved 6 | . . . 2 . . . 2 2 Power . | . . . . . . . . . Propulsion 2 | . . . 2 . . . . . Utility 2 | . . . . . . . 2 . Weapon 2 | . . . . . . . . 2 Parts Attached 74 | 6 9 8 17 . . 2 5 27 Power 12 | 1 1 1 3 . . 2 1 3 Engine 9 | 1 1 1 3 . . 1 . 2 Core 3 | . . . . . . 1 1 1 Reactor . | . . . . . . . . . Propulsion 26 | 2 2 4 9 . . . 1 8 Treads 19 | . . 2 8 . . . 1 8 Leg 6 | 2 2 2 . . . . . . Wheel . | . . . . . . . . . Hover . | . . . . . . . . . Flight 1 | . . . 1 . . . . . Utility 9 | 1 2 . 1 . . . 3 2 Device 2 | . . . . . . . 1 1 Storage 2 | 1 1 . . . . . . . Processor 1 | . . . . . . . 1 . Hackware 1 | . . . . . . . . 1 Protection 3 | . 1 . 1 . . . 1 . Artifact . | . . . . . . . . . Weapon 27 | 2 4 3 4 . . . . 14 Energy Gun 4 | 1 2 1 . . . . . . Energy Cannon . | . . . . . . . . . Ballistic Gun 19 | 1 2 2 4 . . . . 10 Ballistic Cannon 1 | . . . . . . . . 1 Launcher 2 | . . . . . . . . 2 Special Weapon 1 | . . . . . . . . 1 Impact Weapon . | . . . . . . . . . Slashing Weapon . | . . . . . . . . . Piercing Weapon . | . . . . . . . . . Special Melee Weapon . | . . . . . . . . . Unidentified Prototypes 3 | . . . 2 . . . . 1 Parts Lost 40 | . 3 1 2 . . . 3 31 Power 7 | . 1 . 2 . . . 1 3 Propulsion 12 | . 1 . . . . . 1 10 Utility 5 | . . . . . . . 1 4 Weapon 16 | . 1 1 . . . . . 14 Highest Loss Streak 8 | . 1 1 1 . . . 2 8 To Critical Strikes 1 | . . . . . . . . 1 Average Slot Usage (%) 95 | . 97 99 98 100 100 100 99 80 Engine 8 | . 13 14 10 11 11 7 . 4 Core 1 | . . . . . . 3 8 1 Treads 22 | . . . 43 44 44 44 35 21 Leg 9 | . 26 27 . . . . . . Device 1 | . . . . . . . 6 3 Storage 11 | . 14 14 11 11 11 11 9 7 Processor 2 | . . . . . . . 9 6 Hackware 1 | . . . . . . . . 6 Protection 10 | . 13 14 11 11 11 11 11 2 Energy Gun 4 | . 13 10 . . . . . . Ballistic Gun 18 | . 13 17 22 22 22 22 18 20 Naked Turns . | . . . . . . . . . Heaviest Build 106 | 10 88 88 92 92 92 92 95 106 Greatest Support 80 | 20 20 40 80 80 80 80 80 80 Greatest Overweight (x) 26 | . 4 4 1 1 1 1 1 26 Average Overweight (x) 1 | . 2 3 1 1 1 1 1 2 Largest Inventory Capacity 25 | 8 25 25 25 25 25 25 25 25 Average Capacity 24 | 7 20 25 25 25 25 25 25 25 Most Carried 25 | 5 14 22 25 24 25 25 25 25 Average Carried 19 | 1 10 15 24 24 24 24 24 19 Final Capacity 25 | 8 25 25 25 25 25 25 25 25 Final Carried 25 | 2 14 22 24 24 25 25 25 9 Class Distribution -------------------- 61% | Mutant 21% | Scavenger-Mutant 16% | Scavenger-Skirmisher Dominant Class ---------------- Mutant | -10/Materials Scavenger-Mutant | -10/Mines Mutant | -9/Materials Mutant | -9/Mines Mutant | -9/Exiles Mutant | -8/Mines Mutant | -8/Materials Scavenger-Skirmisher | -7/Factory Resources | -11 -10 -10 -9 -9 -9 -8 -8 -7 ----------- Run | Yrd Mat Min Mat Min Exi Min Mat Fac Matter Collected 2534 | 199 391 62 405 . . 134 274 1069 Remotely . | . . . . . . . . . Salvage Created 3555 | . 467 72 755 . . 250 448 1563 Parts 235 | . 32 9 49 . . 15 30 100 Haulers Intercepted 7 | . 2 . 5 . . . . . Recyclers Shooed 2 | . . . 2 . . . . . Parts Field Recycled . | . . . . . . . . . Retrieved Matter . | . . . . . . . . . Parts Self-Destructed . | . . . . . . . . . Prevented . | . . . . . . . . . Kills | -11 -10 -10 -9 -9 -9 -8 -8 -7 ------- Run | Yrd Mat Min Mat Min Exi Min Mat Fac Combat Hostiles Destroyed 77 | . 12 5 12 . . 5 11 32 Guns 66 | . 12 5 12 . . 5 11 21 Cannons 3 | . . . . . . . . 3 AOE 8 | . . . . . . . . 8 Classes Destroyed 15 | . 4 . 4 . . 2 . 5 Worker 4 | . . . 1 . . . . 3 Builder 4 | . . . 1 . . . 1 2 Hauler 7 | . 2 . 5 . . . . . Recycler 2 | . . . . . . . . 2 Mechanic 2 | . . . . . . . . 2 Operator 2 | . 1 . 1 . . . . . Swarmer 24 | . 6 5 4 . . . 4 5 Grunt 23 | . 6 . 4 . . 2 2 9 Brawler 2 | . . . . . . 1 . 1 Duelist 1 | . . . 1 . . . . . Protector 1 | . . . . . . . . 1 Sentry 7 | . . . 3 . . . 4 . Specialist 5 | . . . . . . . . 5 Hunter 6 | . . . . . . 2 1 3 Programmer 8 | . . . . . . . . 8 Best Kill Streak 11 | . 3 3 4 . . 3 4 11 Combat Bots Only 6 | . 3 3 4 . . 3 4 6 Max Kills in Single Turn 5 | . 1 1 1 . . 1 1 5 Gunslinging 1 | . . . . . . . . 1 Exploded 4 | . . . . . . . . 4 Melee . | . . . . . . . . . Uniques/NPCs Destroyed . | . . . . . . . . . Combat | -11 -10 -10 -9 -9 -9 -8 -8 -7 -------- Run | Yrd Mat Min Mat Min Exi Min Mat Fac Hostile Shots Fired 620 | . 61 49 100 . . 29 86 295 Missed 170 | . 18 10 18 . . 10 22 92 Damage Taken 6657 | . 464 313 1021 . . 330 798 3731 Core 1085 | . 88 65 132 . . 22 76 702 Absorbed by Shields . | . . . . . . . . . Redirected to Shielding 67 | . 3 5 10 . . 32 17 . Regen/Repaired (Parts) 40 | . 40 . . . . . . . Core Remaining (%) 71 | 100 . 38 . . . 61 86 . Volleys Fired 309 | . 52 17 85 . . 19 39 97 Largest 4 | . 2 2 2 . . 2 2 4 Hottest 169 | . 60 60 46 . . 46 46 169 Shots Fired 662 | . 104 27 170 . . 38 78 245 Gun 648 | . 104 27 170 . . 38 78 231 Cannon 9 | . . . . . . . . 9 Launcher 4 | . . . . . . . . 4 Special 1 | . . . . . . . . 1 Kinetic 595 | . 52 17 170 . . 38 78 240 Thermal 63 | . 52 10 . . . . . 1 Explosive 4 | . . . . . . . . 4 Electromagnetic . | . . . . . . . . . Robot Hit Streak 22 | . 21 22 13 . . 9 18 15 Robot Miss Streak 4 | . 3 3 4 . . 2 1 4 Penetration Max . | . . . . . . . . . Secondary Targets 3 | . . . 1 . . . . 2 Max Gunslinging Chain 1 | . . . 1 . . . . 1 Shots Hit Robots 463 | . 75 17 109 . . 27 60 175 Core Hits 204 | . 28 6 45 1 . 12 23 89 Critical Kills 1 | . . . 1 . . . . . Critical Parts Destroyed 1 | . . . . . . . . 1 Critical Strikes 2 | . . . 1 . . . . 1 Destroy 2 | . . . 1 . . . . 1 Melee Attacks . | . . . . . . . . . Impact . | . . . . . . . . . Slashing . | . . . . . . . . . Piercing . | . . . . . . . . . Sneak Attacks . | . . . . . . . . . Combat Hostiles . | . . . . . . . . . Follow-up Attacks . | . . . . . . . . . Damage Inflicted 7427 | . 716 105 986 27 . 355 820 4418 Guns 5765 | . 708 105 983 . . 347 814 2808 Cannons 197 | . . . . . . . . 197 Explosions 1383 | . . . . . . . . 1383 Melee . | . . . . . . . . . Ramming 82 | . 8 . 3 27 . 8 6 30 Kinetic 5520 | . 298 73 983 . . 347 814 3005 Thermal 702 | . 410 32 . . . . . 260 Explosive 1123 | . . . . . . . . 1123 Electromagnetic . | . . . . . . . . . Impact . | . . . . . . . . . Slashing . | . . . . . . . . . Piercing . | . . . . . . . . . Highest Corruption 17 | . . . . . . . . 17 Average Corruption 6 | . . . . . . . . 6 Corruption Purged . | . . . . . . . . . Corruption Blocked . | . . . . . . . . . Effects 40 | . . . . . . . . 40 Message Errors 10 | . . . . . . . . 10 Matter Fused 9 | . . . . . . . . 9 Heat Flow Errors 4 | . . . . . . . . 4 Energy Discharges 2 | . . . . . . . . 2 Parts Rejected 4 | . . . . . . . . 4 Data Loss (minor) 4 | . . . . . . . . 4 Data Loss (major) 2 | . . . . . . . . 2 Misfires 1 | . . . . . . . . 1 Alerts 1 | . . . . . . . . 1 Weapon Failures 3 | . . . . . . . . 3 Overload Shots . | . . . . . . . . . Overflow Damage 190 | . . . . . . . . 190 Projectiles . | . . . . . . . . . Explosions 190 | . . . . . . . . 190 Melee . | . . . . . . . . . Knockbacks 2 | . . . . . . . . 2 Impact 1 | . . . . . . . . 1 Kinetic 1 | . . . . . . . . 1 Secondary . | . . . . . . . . . Self-Inflicted Damage 230 | . . . . . . . . 230 Shots 3 | . . . . . . . . 3 Rammed 9 | . . . 1 2 . 2 2 2 Targets Rammed 12 | . 2 . 1 2 . 2 2 3 Kicked 2 | . 2 . . . . . . . Crushed 1 | . . . . . . . . 1 Highest Temperature 284 | . 114 40 6 . . 3 3 284 Average Temperature 49 | . 38 20 3 . . 3 3 74 Received Heat Transfer 1242 | . 180 . 228 . . 36 198 600 Effects 4 | . . . . . . . . 4 Energy Bleed 1 | . . . . . . . . 1 Interference 3 | . . . . . . . . 3 Siege Activations . | . . . . . . . . . Robots Corrupted . | . . . . . . . . . Combat Hostiles . | . . . . . . . . . Parts Fried . | . . . . . . . . . Impact Corruptions . | . . . . . . . . . Robots Melted . | . . . . . . . . . Combat Hostiles . | . . . . . . . . . Parts Melted 1 | . 1 . . . . . . . Heat Transferred 1175 | . 950 75 . . . . . 150 Parts Sabotaged . | . . . . . . . . . Parts Stolen . | . . . . . . . . . Parts Stripped . | . . . . . . . . . Power Chain Reactions . | . . . . . . . . . Alert | -11 -10 -10 -9 -9 -9 -8 -8 -7 ------- Run | Yrd Mat Min Mat Min Exi Min Mat Fac Peak Influence 337 | . 302 95 238 5 . 108 242 337 Initial 57 | . . . 3 5 . . 41 57 Average 86 | . 95 26 64 5 . 32 128 163 Maximum Alert Level 1 | . 1 . 1 . . . 1 1 Low Security (%) 84 | 100 84 100 91 100 . 100 82 56 Level 1 15 | . 15 . 8 . . . 17 43 Level 2 . | . . . . . . . . . Level 3 . | . . . . . . . . . Level 4 . | . . . . . . . . . Level 5 . | . . . . . . . . . High Security . | . . . . . . . . . Max Security . | . . . . . . . . . Squads Dispatched 12 | . 1 . 1 . . . . 10 Investigation 1 | . . . . . . . . 1 Extermination 4 | . . . . . . . . 4 Reinforcement 7 | . 1 . 1 . . . . 5 Assault . | . . . . . . . . . Garrison . | . . . . . . . . . Intercept . | . . . . . . . . . Searches Triggered . | . . . . . . . . . Construction Impeded 2 | . . . . . . . . 2 Haulers Reinforced . | . . . . . . . . . Active Scanning Responses . | . . . . . . . . . Cargo Convoy Interrupts 1 | . . . . . . . . 1 Stealth | -11 -10 -10 -9 -9 -9 -8 -8 -7 --------- Run | Yrd Mat Min Mat Min Exi Min Mat Fac Distress Signals 9 | . 2 . 3 . . . 2 2 Communications Jammed . | . . . . . . . . . Distress Signals . | . . . . . . . . . Times Spotted 155 | . 25 7 34 . . 5 25 59 Peak Tracking Total 13 | . 5 3 5 . . 3 8 13 Tactical Retreats 4 | . . 2 . . . . 2 . Traps | -11 -10 -10 -9 -9 -9 -8 -8 -7 ------- Run | Yrd Mat Min Mat Min Exi Min Mat Fac Traps Triggered 3 | . 2 . . . . . . 1 Indirectly . | . . . . . . . . . Trap Hack Attempts . | . . . . . . . . . Triggered . | . . . . . . . . . Disarmed . | . . . . . . . . . Reprogrammed . | . . . . . . . . . Reused . | . . . . . . . . . Traps Extracted . | . . . . . . . . . Installed . | . . . . . . . . . Triggered . | . . . . . . . . . Machines | -11 -10 -10 -9 -9 -9 -8 -8 -7 ---------- Run | Yrd Mat Min Mat Min Exi Min Mat Fac Machines Disabled 6 | . . . . . . . . 6 Max in Single Turn 5 | . . . . . . . . 5 Machines Repaired . | . . . . . . . . . Machines Dismantled . | . . . . . . . . . Machines Sabotaged . | . . . . . . . . . Overloaded Fab Kills . | . . . . . . . . . Hacking | -11 -10 -10 -9 -9 -9 -8 -8 -7 --------- Run | Yrd Mat Min Mat Min Exi Min Mat Fac Machines Accessed 15 | . 4 . 1 . . 1 4 5 Terminals 12 | . 2 . 1 . . 1 3 5 Fabricators . | . . . . . . . . . Repair Stations 1 | . 1 . . . . . . . Recycling Units 1 | . 1 . . . . . . . Scanalyzers 1 | . . . . . . . 1 . Garrison Access . | . . . . . . . . . Total Hacks 28 | . 6 . 1 . . 2 10 9 Successful 12 | . 4 . 1 . . 1 4 2 Failed 16 | . 2 . . . . 1 6 7 Catastrophic 6 | . . . . . . 1 2 3 Database Lockouts . | . . . . . . . . . Manual 11 | . . . . . 1 2 5 3 Terminals 21 | . 3 . 1 . . 2 6 9 Fabricators . | . . . . . . . . . Repair Stations 2 | . 2 . . . . . . . Recycling Units 1 | . 1 . . . . . . . Scanalyzers 4 | . . . . . . . 4 . Garrison Access . | . . . . . . . . . Terminal Hacks 6 | . 1 . 1 . . 1 1 2 Record 1 | . . . . . . . . 1 Robot Analysis 1 | . 1 . . . . . . . Branch Access Points 3 | . . . 1 . . 1 1 . Hauler Manifests 1 | . . . . . . . . 1 Fabricator Hacks . | . . . . . . . . . Repair Station Hacks 2 | . 2 . . . . . . . Scan Component 1 | . 1 . . . . . . . Repair 1 | . 1 . . . . . . . Recycling Unit Hacks 1 | . 1 . . . . . . . Report Inventory 1 | . 1 . . . . . . . Scanalyzer 3 | . . . . . . . 3 . Insert Component 2 | . . . . . . . 2 . Analyze 1 | . . . . . . . 1 . Garrison Access Hacks . | . . . . . . . . . Unauthorized Hacks . | . . . . . . . . . Terminals . | . . . . . . . . . Fabricators . | . . . . . . . . . Repair Stations . | . . . . . . . . . Recycling Units . | . . . . . . . . . Scanalyzers . | . . . . . . . . . Garrison Access . | . . . . . . . . . Data Cores Recovered . | . . . . . . . . . Used . | . . . . . . . . . Hacking Detections 8 | . 2 . . . . . 3 3 Full Trace Events 2 | . . . . . . . 1 1 Feedback Events . | . . . . . . . . . Feedback Blocked . | . . . . . . . . . Robot Schematics Acquired . | . . . . . . . . . Robots Built . | . . . . . . . . . Authchips . | . . . . . . . . . Time . | . . . . . . . . . Total Robot Build Rating . | . . . . . . . . . Part Schematics Acquired 1 | . . . . . . . 1 . Parts Built . | . . . . . . . . . Authchips . | . . . . . . . . . Time . | . . . . . . . . . Total Part Build Rating . | . . . . . . . . . Parts Repaired 1 | . 1 . . . . . . . Time 26 | . 26 . . . . . . . Parts Recycled . | . . . . . . . . . Recycled Matter . | . . . . . . . . . Retrieved Matter . | . . . . . . . . . Retrieved Components . | . . . . . . . . . Parts Scanalyzed 1 | . . . . . . . 1 . Part Schematics Acquired 1 | . . . . . . . 1 . Parts Damaged . | . . . . . . . . . Bothacking | -11 -10 -10 -9 -9 -9 -8 -8 -7 ------------ Run | Yrd Mat Min Mat Min Exi Min Mat Fac Used RIF Installer . | . . . . . . . . . Robots Hacked . | . . . . . . . . . Non-combat . | . . . . . . . . . Combat . | . . . . . . . . . Robot Hacks Applied . | . . . . . . . . . Relay Couplers Released 8 | . . . . . . . . 8 Programmers 8 | . . . . . . . . 8 Fabnet Peak Effective % . | . . . . . . . . . Robots Rewired . | . . . . . . . . . Allies Hacked . | . . . . . . . . . Hacks Repelled . | . . . . . . . . . Allies | -11 -10 -10 -9 -9 -9 -8 -8 -7 -------- Run | Yrd Mat Min Mat Min Exi Min Mat Fac Total Allies 1 | . . 1 . . . . . . Largest Group 1 | . . 1 . . . . . . Highest-Rated Group 31 | . . 31 . . . . . . Highest-Rated Ally 31 | . . 31 . . . . . . Total Orders . | . . . . . . . . . Ally Attacks . | . . . . . . . . . Total Damage . | . . . . . . . . . Kills . | . . . . . . . . . Allies Corrupted . | . . . . . . . . . Allies Melted . | . . . . . . . . . Intel | -11 -10 -10 -9 -9 -9 -8 -8 -7 ------- Run | Yrd Mat Min Mat Min Exi Min Mat Fac Robot Analysis Total 1 | . 1 . . . . . . . Derelict Logs Recovered . | . . . . . . . . . Drone Launches . | . . . . . . . . . Drone Recoveries . | . . . . . . . . . Exploration | -11 -10 -10 -9 -9 -9 -8 -8 -7 ------------- Run | Yrd Mat Min Mat Min Exi Min Mat Fac Turns Passed 9570 | 54 1613 1774 1651 170 557 731 1138 1882 Spaces Moved 2894 | 40 458 424 536 67 223 258 387 501 Core 29 | 11 . . . . . . . 18 Treads 1955 | . . 1 536 67 223 258 387 483 Legs 910 | 29 458 423 . . . . . . Wheels . | . . . . . . . . . Hover . | . . . . . . . . . Flight . | . . . . . . . . . Fastest Speed 50 | 50 120 320 240 250 250 250 247 240 Average Speed 285 | 100 300 399 247 250 250 250 248 298 Slowest Speed 1350 | 120 400 400 250 250 250 250 250 1350 Overloaded Moves . | . . . . . . . . . Propulsion Burnouts . | . . . . . . . . . Robots Hopped . | . . . . . . . . . Cave-ins Triggered . | . . . . . . . . . Exploration Rate (%) 43 | 3 78 89 41 10 60 63 26 17 Regions Visited 8 Branch Regions 4 Pre-discovered Areas . | . . . . . . . . . Known Exits Taken 1 | . . . 1 . . . . . Unknown Exits Taken 7 | 1 1 1 . 1 1 1 1 . Scrap Searched 1 | . . 1 . . . . . . Spaces Dug . | . . . . . . . . . Terrain Destroyed 46 | . . . . . . . . 46 Melee . | . . . . . . . . . Projectile . | . . . . . . . . . AOE 46 | . . . . . . . . 46 Terrain Rammed . | . . . . . . . . . Walls Destroyed . | . . . . . . . . . Machines Disabled . | . . . . . . . . . Actions | -11 -10 -10 -9 -9 -9 -8 -8 -7 --------- Run | Yrd Mat Min Mat Min Exi Min Mat Fac Total 3644 | 53 599 478 724 68 224 307 489 702 Wait 240 | . 55 20 39 . . 17 46 63 Move 2886 | 39 457 423 535 66 222 257 386 501 Hop . | . . . . . . . . . Pick Up 91 | 8 22 10 27 . 1 5 8 10 Fast Attach . | . . . . . . . . . Attach 50 | 6 7 2 5 . . . 5 25 Detach . | . . . . . . . . . Swap 24 | . 2 6 12 . . 2 . 2 Drop 32 | . 2 . 20 . 1 5 3 1 Fire 309 | . 52 17 85 . . 19 39 97 Melee . | . . . . . . . . . Ram . | . . . . . . . . . Kick 2 | . 2 . . . . . . . Crush 10 | . . . 1 2 . 2 2 3 Escape Stasis . | . . . . . . . . . Rewire . | . . . . . . . . . Trap . | . . . . . . . . . Miscellaneous . | . . . . . . . . . Route ------- -11/Scrapyard -10/Materials (discovered 3 exits: *Mat x2 / [*Min]) -10/Mines (discovered 2 exits: *Mat x2) -9/Materials (discovered 5 exits: *Mat / *Min x2 / Sto x2) -9/Mines -9/Exiles -8/Mines -8/Materials -7/Factory History --------- Turn | Location | Event 11 | -11/Scrapyard | Discovered new exit (range 13) 55 | -11/Scrapyard | Entered Materials 63 | -10/Materials | Discovered new exit (range 15) 210 | -10/Materials | Discovered new exit (range 14) 307 | -10/Materials | Build established: Mutant 1053 | -10/Materials | Discovered new exit (range 5) 1207 | -10/Materials | Repaired Lgt. Treads 1400 | -10/Materials | Derelicts attacked the area 1668 | -10/Materials | Entered Mines 1671 | -10/Mines | Received a Mining Laser from a helpful Derelict 1881 | -10/Mines | Received a Rocket Launcher from a helpful Derelict 2007 | -10/Mines | Found a damaged Exp. Sensor Array with a note attached 2015 | -10/Mines | Found Prototype Device 2545 | -10/Mines | Build established: Scavenger-Mutant 2624 | -10/Mines | Discovered new exit (range 9) 2935 | -10/Mines | Core integrity fell below 50% 3310 | -10/Mines | Discovered new exit (range 14) 3354 | -10/Mines | Joined a pair of Derelicts in attacking an 0b10 outpost 3442 | -10/Mines | Entered Materials 3442 | -9/Materials | Evolved 2 slots: Propulsion x2 3623 | -9/Materials | Identified exit to Mines 3623 | -9/Materials | Identified exit to Storage 4113 | -9/Materials | Build established: Mutant 4300 | -9/Materials | Discovered new exit (range 5) 5093 | -9/Materials | Entered Mines 5101 | -9/Mines | Met a Derelict bent on vengeance 5253 | -9/Mines | Deemed a non-threat by the Exiles lab entrance 5253 | -9/Mines | Discovered new exit (range 5) 5263 | -9/Mines | Entered Exiles 5321 | -9/Exiles | Met 8R-AWN 5368 | -9/Exiles | Met EX-HEX 5451 | -9/Exiles | Met EX-BIN 5486 | -9/Exiles | Aligned with FarCom system 5488 | -9/Exiles | Given EX-Vault access code 5548 | -9/Exiles | Opened EX-Vault 5564 | -9/Exiles | Found Prototype Energy Cannon 5617 | -9/Exiles | Warned to stay clear of 0b10 Research branches 5702 | -9/Exiles | Met EX-DEC 5790 | -9/Exiles | Discovered new exit (range 14) 5820 | -9/Exiles | Left Exiles lab with Firepult 5820 | -9/Exiles | Entered Mines 6536 | -8/Mines | Discovered new exit (range 4) 6551 | -8/Mines | Entered Materials 6551 | -8/Materials | Evolved 2 slots: Utility x2 7034 | -8/Materials | Identified Exp. Sensor Array 7034 | -8/Materials | Identified Firepult 7101 | -8/Materials | Discovered new exit (range 14) 7498 | -8/Materials | Build established: Scavenger-Mutant 7689 | -8/Materials | Entered Factory 7689 | -7/Factory | Evolved 2 slots: Weapon x2 8000 | -7/Factory | Build established: Scavenger-Skirmisher 8743 | -7/Factory | Cargo convoy interrupted 8820 | -7/Factory | Lost 8 parts (1p3n4w) 8971 | -7/Factory | System corruption reached 10% 9117 | -7/Factory | Core integrity fell below 50% 9186 | -7/Factory | Lost 8 parts (1p4n3w) 9364 | -7/Factory | Lost 6 parts (1p1n1u3w) 9551 | -7/Factory | Core integrity fell below 20% 9571 | -7/Factory | Destroyed by P-60 Hacker with Shock Rifle Last Messages --------------- 09450_ U-05 Engineer lays Concrete. 09458_ U-05 Engineer builds a Wall. 09459_ U-05 Engineer lays Concrete. 09464_ U-05 Engineer builds a Wall. 09464_ U-05 Engineer lays Concrete. 09467_ U-05 Engineer builds a Wall. 09476_ K-01 Serf cleans the Terminal. 09476_ U-05 Engineer builds a Wall. 09477_ U-05 Engineer lays Concrete. 09482_ K-01 Serf cleans the Terminal. 09498_ System corrupted: Matter fused (-10). 09523_ ALERT: Rogue bot located, Programmers report to Factory Zone 4T. 09531_ RK8ERMQ0QF,